[ AOE2 MATCH · #508308774 ]
UnrankedBurgundians vs Spanish
Player's team · LOSS
Rival team · WIN
[ REPLAY ANALYSIS · EXTRACTED FROM THE RECORDED GAME ]
Feudal
10:56
Castle
15:20
Imperial
37:34
| APM avg | 45.2 |
| APM peak | 82 |
| eAPM avg | 24.3 |
| Villagers / military | 134 / 109 |
Focus
⚔️ 32.0% · 🌾 68.0%
Hand Cannoneer ×50 · Scout Cavalry ×31 · Bombard Cannon ×13 · Mangonel ×7 · Monk ×5 · Knight ×2
Feudal
9:15
Castle
19:33
Imperial
36:55
| APM avg | 57.2 |
| APM peak | 120 |
| eAPM avg | 23.7 |
| Villagers / military | 74 / 99 |
Focus
⚔️ 46.1% · 🌾 53.9%
Skirmisher ×26 · Conquistador ×23 · Archer ×10 · Hand Cannoneer ×9 · Spearman ×7 · Scout Cavalry ×7
Match map
Initial resources + every placement click. Lines = walls · curves = elevation contours. ◆ gold · ⬟ stone · ● berries · ✦ relic · ◌ wall gap
Your base· ✓ Closed at 15:20 · 44t walls · 3 gate(s)
maxymczech's base· ✓ Closed at 19:33 · 0t walls · 3 gate(s)
Smoothed initial terrain · ◌ = detected wall gap · hover for details
Inputs per minute
— MrDiiego/twitch.tv - - maxymczech
Build order — MrDiiego/twitch.tv
First 150 of 420 actions detected
| 0:01 | Queue | Villager (Male) |
| 0:01 | Queue | Villager (Male) |
| 0:01 | Queue | Villager (Male) |
| 0:01 | Queue | Villager (Male) |
| 0:02 | Queue | Villager (Male) |
| 0:03 | Build | House |
| 0:04 | Build | House |
| 1:37 | Queue | Villager (Male) |
| 1:53 | Build | Lumber Camp |
| 1:58 | Queue | Villager (Male) |
| 1:58 | Queue | Villager (Male) |
| 2:19 | Queue | Villager (Male) |
| 2:50 | Queue | Villager (Male) |
| 3:02 | Research | Double-Bit Axe |
| 3:15 | Queue | Villager (Male) |
| 3:37 | Queue | Villager (Male) |
| 3:51 | Build | House |
| 4:06 | Queue | Villager (Male) |
| 4:09 | Queue | Villager (Male) |
| 4:09 | Queue | Villager (Male) |
| 4:14 | Queue | Villager (Male) |
| 4:42 | Build | Mill |
| 4:51 | Queue | Villager (Male) |
| 5:16 | Queue | Villager (Male) |
| 5:36 | Research | Horse Collar |
| 6:11 | Build | House |
| 6:14 | Queue | Villager (Male) |
| 6:16 | Queue | Villager (Male) |
| 6:16 | Queue | Villager (Male) |
| 6:21 | Queue | Villager (Male) |
| 6:22 | Queue | Villager (Male) |
| 6:25 | Queue | Villager (Male) |
| 6:26 | Queue | Villager (Male) |
| 6:26 | Queue | Villager (Male) |
| 6:38 | Build | Farm |
| 6:42 | Queue | Villager (Male) |
| 6:58 | Build | Farm |
| 7:51 | Queue | Villager (Male) |
| 8:38 | Build | Mining Camp |
| 8:42 | Research | Feudal Age |
| 9:23 | Build | Palisade Wall |
| 9:26 | Build | Palisade Wall |
| 9:28 | Build | Palisade Wall |
| 9:30 | Build | Palisade Wall |
| 9:46 | Build | House |
| 9:52 | Build | House |
| 10:01 | Build | House |
| 10:09 | Queue | Villager (Male) |
| 10:41 | Build | Palisade Wall |
| 10:44 | Build | Palisade Wall |
| 10:49 | Build | Palisade Wall |
| 10:56 | Age | Feudal Age |
| 11:02 | Build | Market |
| 11:07 | Build | House |
| 11:17 | Queue | Villager (Male) |
| 11:23 | Build | Blacksmith |
| 11:41 | Queue | Villager (Male) |
| 11:48 | Build | Stone Wall |
| 12:06 | Queue | Villager (Male) |
| 12:31 | Build | Stone Wall |
| 12:37 | Build | House |
| 12:39 | Build | House |
| 12:40 | Research | Castle Age |
| 12:49 | Build | Gate |
| 13:30 | Build | Farm |
| 13:46 | Build | Farm |
| 13:56 | Research | Bow Saw |
| 14:07 | Build | Lumber Camp |
| 14:08 | Build | Farm |
| 14:17 | Build | Farm |
| 14:27 | Research | Loom |
| 14:46 | Build | Farm |
| 14:59 | Research | Gold Mining |
| 14:59 | Research | Gold Mining |
| 15:20 | Age | Castle Age |
| 15:24 | Build | Siege Workshop |
| 15:31 | Queue | Villager (Male) |
| 15:50 | Queue | Mangonel |
| 15:51 | Queue | Villager (Male) |
| 15:57 | Build | House |
| 16:16 | Queue | Mangonel |
| 16:31 | Queue | Villager (Male) |
| 16:35 | Build | House |
| 16:42 | Build | House |
| 16:50 | Build | Monastery |
| 16:52 | Queue | Villager (Male) |
| 17:06 | Build | Barracks |
| 17:11 | Queue | Villager (Male) |
| 17:44 | Queue | Villager (Male) |
| 17:47 | Build | Barracks |
| 18:11 | Queue | Villager (Male) |
| 18:24 | Build | Stable |
| 18:43 | Queue | Villager (Male) |
| 18:58 | Build | Farm |
| 18:58 | Queue | Villager (Male) |
| 19:00 | Build | Farm |
| 19:01 | Build | Farm |
| 19:01 | Build | Farm |
| 19:01 | Build | Farm |
| 19:08 | Build | Monastery |
| 19:40 | Queue | Villager (Male) |
| 19:45 | Queue | Monk |
| 19:56 | Build | Farm |
| 20:06 | Queue | Scout Cavalry |
| 20:07 | Queue | Villager (Male) |
| 20:18 | Queue | Villager (Male) |
| 20:38 | Queue | Scout Cavalry |
| 21:03 | Queue | Villager (Male) |
| 21:04 | Queue | Monk |
| 21:07 | Build | Farm |
| 21:08 | Build | Farm |
| 21:09 | Queue | Villager (Male) |
| 21:31 | Queue | Scout Cavalry |
| 21:32 | Queue | Villager (Male) |
| 21:48 | Queue | Villager (Male) |
| 21:53 | Queue | Scout Cavalry |
| 22:22 | Queue | Villager (Male) |
| 22:22 | Queue | Monk |
| 22:39 | Queue | Scout Cavalry |
| 22:40 | Queue | Villager (Male) |
| 22:48 | Build | Palisade Wall |
| 22:57 | Queue | Scout Cavalry |
| 23:03 | Build | House |
| 23:09 | Queue | Villager (Male) |
| 23:11 | Build | House |
| 23:17 | Build | House |
| 23:22 | Build | House |
| 23:35 | Queue | Villager (Male) |
| 23:47 | Build | House |
| 23:52 | Build | Palisade Gate |
| 23:55 | Queue | Villager (Male) |
| 24:03 | Queue | Knight |
| 24:22 | Queue | Villager (Male) |
| 24:45 | Build | House |
| 24:49 | Queue | Villager (Male) |
| 24:57 | Queue | Knight |
| 24:59 | Queue | Villager (Male) |
| 25:01 | Build | Town Center |
| 25:03 | Build | Farm |
| 25:06 | Build | Farm |
| 25:07 | Queue | Monk |
| 25:19 | Build | Palisade Wall |
| 25:20 | Build | Palisade Wall |
| 25:27 | Build | Palisade Wall |
| 25:39 | Queue | Mangonel |
| 25:40 | Queue | Villager (Male) |
| 25:42 | Research | Wheelbarrow |
| 25:44 | Queue | Villager (Male) |
| 25:46 | Build | Stable |
| 25:54 | Queue | Villager (Male) |
Build order — maxymczech
First 150 of 255 actions detected
| 0:00 | Queue | Villager (Male) |
| 0:02 | Build | House |
| 0:03 | Build | House |
| 0:17 | Queue | Villager (Male) ×3 |
| 1:22 | Queue | Villager (Male) |
| 1:53 | Queue | Villager (Male) |
| 2:28 | Queue | Villager (Male) |
| 2:29 | Queue | Villager (Male) |
| 2:35 | Build | Lumber Camp |
| 2:55 | Queue | Villager (Male) |
| 3:00 | Build | House |
| 3:01 | Build | House |
| 3:12 | Build | House |
| 3:26 | Queue | Villager (Male) |
| 3:34 | Queue | Villager (Male) |
| 3:49 | Build | House |
| 3:57 | Build | House |
| 4:14 | Queue | Villager (Male) |
| 4:15 | Queue | Villager (Male) |
| 4:15 | Queue | Villager (Male) |
| 5:02 | Queue | Villager (Male) |
| 5:39 | Build | Mill |
| 5:53 | Research | Loom |
| 5:59 | Queue | Villager (Male) |
| 5:59 | Research | Loom |
| 6:43 | Research | Feudal Age |
| 7:02 | Build | Mining Camp |
| 7:45 | Queue | Villager (Male) |
| 7:49 | Build | House |
| 8:43 | Queue | Villager (Male) |
| 9:15 | Age | Feudal Age |
| 9:16 | Build | Watch Tower |
| 9:22 | Research | Double-Bit Axe |
| 9:23 | Research | Town Watch |
| 9:54 | Queue | Villager (Male) |
| 10:05 | Build | Blacksmith |
| 10:09 | Queue | Villager (Male) |
| 10:44 | Research | Fletching |
| 10:47 | Queue | Villager (Male) |
| 11:28 | Build | Mill |
| 11:33 | Build | Watch Tower |
| 11:43 | Queue | Villager (Male) |
| 11:44 | Queue | Villager (Male) |
| 12:00 | Research | Horse Collar |
| 12:17 | Queue | Villager (Male) |
| 12:20 | Build | House |
| 12:21 | Build | House |
| 12:24 | Build | House |
| 12:41 | Build | Watch Tower |
| 12:53 | Queue | Villager (Male) |
| 13:07 | Queue | Villager (Male) |
| 13:07 | Queue | Villager (Male) |
| 13:24 | Build | Mill |
| 13:42 | Queue | Villager (Male) |
| 13:58 | Queue | Villager (Male) |
| 14:07 | Build | House |
| 14:08 | Build | House |
| 14:29 | Build | Farm |
| 14:32 | Queue | Villager (Male) |
| 14:33 | Build | Farm |
| 14:53 | Build | Farm |
| 14:59 | Build | Farm |
| 15:20 | Queue | Villager (Male) |
| 15:28 | Build | Farm |
| 15:48 | Queue | Villager (Male) |
| 16:11 | Build | Market |
| 16:26 | Queue | Villager (Male) |
| 16:27 | Build | Farm |
| 16:53 | Research | Castle Age |
| 17:15 | Build | Barracks |
| 18:13 | Queue | Villager (Male) |
| 18:13 | Queue | Villager (Male) |
| 18:31 | Queue | Villager (Male) |
| 18:35 | Build | Stable |
| 18:39 | Research | Stone Mining |
| 19:33 | Age | Castle Age |
| 19:44 | Queue | Villager (Male) |
| 19:46 | Build | University |
| 19:56 | Queue | Villager (Male) |
| 20:02 | Build | Mining Camp |
| 20:09 | Queue | Villager (Male) |
| 20:15 | Queue | Scout Cavalry |
| 20:40 | Research | Guard Tower (upgrade) |
| 20:40 | Research | Guard Tower (upgrade) |
| 20:46 | Queue | Scout Cavalry |
| 20:48 | Research | Bodkin Arrow |
| 20:59 | Queue | Scout Cavalry |
| 21:23 | Queue | Villager (Male) |
| 21:43 | Queue | Scout Cavalry |
| 21:55 | Build | Castle |
| 22:11 | Queue | Scout Cavalry |
| 22:12 | Queue | Villager (Male) |
| 22:12 | Queue | Villager (Male) |
| 22:47 | Research | Light Cavalry (upgrade) |
| 22:47 | Research | Light Cavalry (upgrade) |
| 22:58 | Queue | Villager (Male) |
| 23:16 | Build | Mining Camp |
| 23:34 | Queue | Scout Cavalry |
| 23:34 | Queue | Scout Cavalry |
| 23:55 | Queue | Villager (Male) |
| 23:57 | Build | Watch Tower |
| 24:04 | Queue | Villager (Male) |
| 24:05 | Queue | Militia |
| 24:08 | Queue | Spearman |
| 24:08 | Queue | Spearman |
| 24:08 | Queue | Spearman |
| 24:24 | Build | Watch Tower |
| 25:03 | Queue | Villager (Male) |
| 25:03 | Queue | Villager (Male) |
| 25:03 | Queue | Villager (Male) |
| 25:12 | Queue | Spearman |
| 25:12 | Queue | Spearman |
| 25:20 | Build | Watch Tower |
| 25:37 | Build | Palisade Wall |
| 25:43 | Queue | Villager (Male) |
| 25:45 | Build | House |
| 25:46 | Build | House |
| 25:47 | Build | House |
| 25:47 | Build | House |
| 25:56 | Research | Wheelbarrow |
| 26:10 | Research | Pikeman (upgrade) |
| 26:14 | Build | Monastery |
| 26:28 | Queue | Villager (Male) |
| 26:35 | Build | Farm |
| 26:35 | Build | Farm |
| 26:35 | Build | Farm |
| 26:50 | Queue | Monk |
| 26:53 | Queue | Missionary |
| 26:53 | Queue | Missionary |
| 26:53 | Queue | Missionary |
| 27:06 | Build | Watch Tower |
| 27:21 | Build | Farm |
| 27:23 | Queue | Villager (Male) |
| 27:34 | Queue | Spearman |
| 27:35 | Queue | Spearman |
| 28:05 | Queue | Villager (Male) ×2 |
| 28:10 | Build | Lumber Camp |
| 28:27 | Research | Redemption |
| 28:27 | Research | Redemption |
| 28:58 | Build | Siege Workshop |
| 29:09 | Queue | Villager (Male) ×4 |
| 29:39 | Queue | Battering Ram |
| 29:40 | Queue | Battering Ram |
| 29:45 | Queue | Conquistador |
| 29:51 | Queue | Conquistador |
| 30:00 | Build | Farm |
| 30:00 | Build | Farm |
| 30:00 | Build | Farm |
| 30:05 | Build | Farm |
| 30:20 | Queue | Villager (Male) |
Match timeline
| 9:15 | maxymczech · age_up feudal |
| 9:23 | MrDiiego/twitch.tv · wall_segment Palisade Wall x9 |
| 9:26 | MrDiiego/twitch.tv · wall_segment Palisade Wall x1 |
| 9:28 | MrDiiego/twitch.tv · wall_segment Palisade Wall x7 |
| 9:30 | MrDiiego/twitch.tv · wall_segment Palisade Wall x6 |
| 10:41 | MrDiiego/twitch.tv · wall_segment Palisade Wall x1 |
| 10:44 | MrDiiego/twitch.tv · wall_segment Palisade Wall x6 |
| 10:49 | MrDiiego/twitch.tv · wall_segment Palisade Wall x6 |
| 10:56 | MrDiiego/twitch.tv · age_up feudal |
| 11:48 | MrDiiego/twitch.tv · wall_segment Stone Wall x3 |
| 12:31 | MrDiiego/twitch.tv · wall_segment Stone Wall x6 |
| 15:20 | MrDiiego/twitch.tv · age_up castle |
| 15:24 | MrDiiego/twitch.tv · first_building Siege Workshop |
| 16:50 | MrDiiego/twitch.tv · first_building Monastery |
| 17:06 | MrDiiego/twitch.tv · first_building Barracks |
| 17:15 | maxymczech · first_building Barracks |
| 18:24 | MrDiiego/twitch.tv · first_building Stable |
| 18:35 | maxymczech · first_building Stable |
| 19:33 | maxymczech · age_up castle |
| 20:02 | MrDiiego/twitch.tv · first_market_buy 100 food |
| 21:23 | MrDiiego/twitch.tv · first_market_sell 100 wood |
| 21:55 | maxymczech · first_building Castle |
| 22:23 | maxymczech · first_market_buy 100 stone |
| 22:48 | MrDiiego/twitch.tv · wall_segment Palisade Wall x7 |
| 23:22 | maxymczech · first_market_sell 500 wood |
| 25:19 | MrDiiego/twitch.tv · wall_segment Palisade Wall x1 |
| 25:20 | MrDiiego/twitch.tv · wall_segment Palisade Wall x1 |
| 25:27 | MrDiiego/twitch.tv · wall_segment Palisade Wall x1 |
| 25:37 | maxymczech · wall_segment Palisade Wall x1 |
| 26:14 | maxymczech · first_building Monastery |
| 27:50 | MrDiiego/twitch.tv · wall_segment Stone Wall x3 |
| 28:05 | MrDiiego/twitch.tv · wall_segment Stone Wall x1 |
| 28:46 | MrDiiego/twitch.tv · first_building Archery Range |
| 28:58 | maxymczech · first_building Siege Workshop |
| 30:29 | MrDiiego/twitch.tv · first_building Castle |
| 36:43 | MrDiiego/twitch.tv · wall_segment Palisade Wall x1 |
| 36:50 | MrDiiego/twitch.tv · wall_segment Palisade Wall x1 |
| 36:55 | maxymczech · age_up imperial |
| 37:34 | MrDiiego/twitch.tv · age_up imperial |
| 40:05 | maxymczech · first_building Archery Range |
| 46:15 | MrDiiego/twitch.tv · resign |
[ AI ANALYSIS · 1 CREDIT ]
What really happened in this match?
Wolo.gg analyzes every decision: build order, eco, micro, common mistakes by bracket. Personalized analysis on WhatsApp or Discord in 30 seconds.
Civ guide
Burgundians
Perfil
Jugador #2706460